 Dungeon Crawl Stone Soup version 0.30-a0-862-g1aabd4f9c5 (webtiles) character file.

Game seed: 12012361172775702251

294 qeuew the Gusty (level 6, -11/35 HPs)
             Began as a Tengu Air Elementalist on Mar 9, 2023.
             Killed by nerve-wracking pain
             ... invoked by an orc priest
              (14 damage)
             ... on level 4 of the Dungeon.
             The game lasted 00:04:02 (3502 turns).

qeuew the Gusty (Tengu Air Elementalist)            Turns: 3502, Time: 00:04:02

Health: -11/35     AC:  4    Str:  9    XL:     6   Next: 33%
Magic:  2/11       EV: 20    Int: 15    God:
Gold:   225        SH:  0    Dex: 16    Spells: 7/10 levels left

rFire   . . .      SeeInvis +    d - +0 short sword
rCold   . . .      Faith    .    (no shield)
rNeg    . . .      Spirit   .    e - +1 leather armour
rPois   .          Reflect  .    (helmet restricted)
rElec   .          Rampage  .    (no cloak)
rCorr   .                        (no gloves)
Will    .....                    (boots unavailable)
Stlth   ++                       (no amulet)
HPRegen 0.25/turn                n - +5 ring of evasion
MPRegen 0.12/turn                h - ring of see invisible

@: about to teleport, flying quickly and evasively, very slightly contaminated,
quick
A: beak, talons 3, nimble flight, evolution 1
a: no special abilities


You were on level 4 of the Dungeon.
You visited 1 branch of the dungeon, and saw 4 of its levels.

You collected 225 gold pieces.

Inventory:

Hand Weapons
 d - a +0 short sword (weapon)
Missiles
 j - 3 throwing nets
Armour
 e - a +1 leather armour (worn)
Jewellery
 f - a ring of protection from cold
 h - a ring of see invisible (right hand)
 n - a +5 ring of evasion (left hand)
Wands
 c - a wand of mindburst (7)
Scrolls
 l - 2 scrolls of enchant armour
Potions
 b - 2 potions of magic
 g - 2 potions of might
 i - a potion of mutation


   Skills:
 + Level 1.8 Fighting
 + Level 1.7 Short Blades
 + Level 2.2 Armour
 + Level 3.0 Dodging
 - Level 2.0 Stealth
 + Level 2.7 Spellcasting
 * Level 4.4 Conjurations
 + Level 4.9 Air Magic


You had 7 spell levels left.
You knew the following spells:

 Your Spells              Type           Power      Damage    Failure   Level
a - Shock                 Conj/Air       64%        1d7       4%          1
b - Static Discharge      Conj/Air       32%        2-4/arc   6%          2

Your spell library contained the following spells:

 Spells                   Type           Power      Damage    Failure   Level
 Swiftness                Air            16%        N/A       11%         3
 Airstrike                Air            8%         2d(2-18)  36%         4


Dungeon Overview and Level Annotations

Branches:
Dungeon (4/15)
 Temple: D:4-7

Altars:
Hepliaklqana

Shops:
D:3 :


Innate Abilities, Weirdness & Mutations

You have a beak for a mouth.
You have claws for feet.
Your magical nature lets you fly swiftly and evasively.
You have hidden genetic potential.


Message History

The orc completely misses you. x2
The orc priest hits you with a +0 short sword.
Casting: Shock (safe; 4% risk of failure)
Confirm with . or Enter, or press ? or * to list all spells.
The orc is struck by an arc of lightning.
The orc is almost dead.
You are struck by an arc of lightning.
* * * LOW HITPOINT WARNING * * *
The orc is struck by an arc of lightning.
You kill the orc!
The lightning grounds out.
The orc is struck by an arc of lightning.
The orc is moderately wounded.
The adder is struck by an arc of lightning.
The adder is heavily wounded.
The bullfrog is struck by an arc of lightning.
The bullfrog is lightly wounded.
The lightning grounds out.
The orc hits you but does no damage.
The orc priest hits you with a +0 short sword.
* * * LOW HITPOINT WARNING * * *
The adder misses you.
Okay, then.
As you read the scroll of teleportation, it crumbles to dust.
You feel strangely unstable. The orc hits you but does no damage.
An iguana comes into view.
The orc priest looks braver for a moment.
The adder closely misses you.
Unknown command.
You closely miss the adder. You claw the adder, but do no damage.
The adder is heavily wounded.
The adder closely misses you.
The orc priest hits you with a +0 short sword.
* * * LOW HITPOINT WARNING * * *
The orc misses you.
Unknown command.
You hit the adder. You claw the adder.
You kill the adder!
The orc priest calls down the wrath of Beogh upon you.
Pain shoots through your body!
You die...

#......#.....#....#
#.##. #..#..#...##
##.... ##.........##
#.....##......#....# #.
#......##..#...###
...###...†.##......#.###
...l........#..........#
...#..oFo.......(.......
####@........#.......
#.....#...###....#
#.......#..#.....#
.......##.##......
.....### .......).
##....# ...#..... ##...#
...##.... .... .........
..#####..


You could see a bullfrog, an iguana, an orc priest and an orc.

Vanquished Creatures
  3 hounds
  Natasha (thrice) (D:2)
  2 adders (D:4)
  4 gnolls (D:3)
  3 dart slugs
  3 orcs (D:4)
  4 endoplasms
  5 giant cockroaches
  5 hobgoblins
  4 jackals (D:2)
  4 quokkas
  5 ball pythons
  7 bats
  5 frilled lizards
  5 goblins
  7 kobolds
  6 rats
75 creatures vanquished.

Notes
Turn   | Place    | Note
-------+----------+-------------------------------------------
     0 | D:1      | qeuew the Tengu Air Elementalist began the quest for the
                  | Orb.
     0 | D:1      | Reached XP level 1. HP: 10/10 MP: 4/4
   304 | D:1      | Reached XP level 2. HP: 15/15 MP: 1/6
   357 | D:1      | You fall into a shaft and drop 1 floor!
   361 | D:2      | Learned a level 2 spell: Static Discharge
   514 | D:2      | Reached skill level 1 in Armour
   514 | D:2      | Reached XP level 3. HP: 9/20 MP: 0/7
   626 | D:2      | Reached skill level 1 in Fighting
   817 | D:2      | Noticed Natasha
   827 | D:2      | Killed Natasha
   828 | D:2      | Reached XP level 4. HP: 15/25 MP: 0/8
   832 | D:2      | Noticed Natasha
   843 | D:2      | Killed Natasha
   844 | D:2      | Reached skill level 1 in Short Blades
   852 | D:2      | Noticed Natasha
   865 | D:2      | Killed Natasha
   866 | D:2      | Gained mutation: Your magical nature lets you fly swiftly
                  | and evasively. [Tengu growth]
   866 | D:2      | Reached XP level 5. HP: 11/29 MP: 1/9
  2471 | D:3      | Found Seheal's Book Shoppe.
  2971 | D:3      | Found a hazy altar of Hepliaklqana.
  3066 | D:3      | Gained mutation: You have hidden genetic potential. [potion
                  | of mutation]
  3182 | D:4      | Reached XP level 6. HP: 31/35 MP: 0/10
  3502 | D:4      | Killed from afar by an orc priest

Illustrated notes

Levels and vault maps discovered:
D:1:      evilmike_arrival_rings, layout_basic
D:2:      layout_basic, ebering_dispersal_statue_hall, uniq_natasha
D:3:      layout_rooms, mainiacjoe_overflow_chevrons, serial_shops,
          nicolae_shop_trees
D:4:      layout_cave_pools, serial_shops, nicolae_shop_stone

Skill      XL: |  1  2  3  4  5 |
---------------+----------------+-----
Conjurations   | 2 3 4 |  4.4
Armour         | 1 2 |  2.2
Fighting       | 1 |  1.8
Short Blades   | 1 |  1.7
Dodging        | 3 |  3.0
Stealth        | |  2.0
Spellcasting   | |  2.7
Air Magic      | |  4.9

Action                     |  1- 3 |  4- 6 || total
---------------------------+-------+-------++-------
  Melee: Unarmed           |    10 |       ||    10
         Kick              |    10 |     7 ||    17
         Short sword       |    35 |    32 ||    67
         Peck              |     6 |     3 ||     9
   Cast: Shock             |    45 |   109 ||   154
         Static Discharge  |       |     1 ||     1
    Use: Scroll            |       |     9 ||     9
         Potion            |       |     3 ||     3
 Armour: Robe              |     2 |       ||     2
         Leather armour    |    12 |     6 ||    18
  Dodge: Dodged            |    36 |    49 ||    85

Table legend: (Time is in decaauts)
 A = Elapsed time spent in this place.
 B = Non-inter-level travel time spent in this place.
 C = Inter-level travel time spent in this place.
 D = Time resting spent in this place.
 E = Time spent auto-exploring this place.
 F = Levels seen in this place.
 G = Mean time per level.
                   A        B        C        D        E       F      G
               +--------+--------+--------+--------+--------+-----+--------+
         Total |   3357 |   3254 |    103 |      0 |   2847 |   4 |  839.2 |
       Dungeon |   3357 |   3254 |    103 |      0 |   2847 |   4 |  839.2 |
               +--------+--------+--------+--------+--------+-----+--------+

Top non-repeatable levels by time:
     D:1: 1371 daAuts
     D:2: 946 daAuts
     D:3: 620 daAuts
     D:4: 419 daAuts
